[ PARTIDA AOE2 · #505649753 ]
UnrankedJemeres vs Persians
Equipo del jugador · DERR
Equipo rival · VICT
[ ANÁLISIS DE REPETICIÓN · EXTRAÍDO DE LA PARTIDA GRABADA ]
Feudal
—
Castillos
—
Imperial
—
| APM promedio | 53.3 |
| APM pico | 83 |
| eAPM promedio | 13.6 |
| Aldeanos / militares | 29 / 0 |
Foco
⚔️ 14.6% · 🌾 85.4%
Feudal
—
Castillos
—
Imperial
—
| APM promedio | 34.1 |
| APM pico | 63 |
| eAPM promedio | 17.2 |
| Aldeanos / militares | 27 / 0 |
Foco
⚔️ 30.8% · 🌾 69.2%
Mapa de la partida
Recursos iniciales + cada clic de construcción. Líneas = muros · curvas = relieve. ◆ oro · ⬟ piedra · ● bayas · ✦ reliquia · ◌ hueco del cierre
Tu base
Base de andreamancassola12
Terreno inicial suavizado · ◌ = hueco del cierre detectado · pasá el cursor para detalles
Inputs por minuto
— Eren - - andreamancassola12
Build order — Eren
37 acciones detectadas en el replay
| 0:01 | Encolar | Villager (Male) |
| 0:02 | Encolar | Villager (Male) |
| 0:02 | Encolar | Villager (Male) |
| 0:02 | Encolar | Villager (Male) |
| 0:02 | Encolar | Villager (Male) |
| 0:04 | Construir | House |
| 0:05 | Construir | House |
| 1:31 | Encolar | Villager (Male) |
| 1:54 | Encolar | Villager (Male) |
| 1:54 | Encolar | Villager (Male) |
| 2:13 | Encolar | Villager (Male) |
| 2:14 | Encolar | Villager (Male) |
| 2:40 | Encolar | Villager (Male) |
| 3:14 | Construir | House |
| 3:22 | Encolar | Villager (Male) |
| 3:22 | Encolar | Villager (Male) |
| 3:40 | Encolar | Villager (Male) |
| 3:41 | Encolar | Villager (Male) |
| 4:05 | Encolar | Villager (Male) |
| 4:42 | Encolar | Villager (Male) |
| 5:07 | Construir | House |
| 5:33 | Construir | Lumber Camp |
| 5:42 | Encolar | Villager (Male) |
| 5:59 | Investigar | Loom |
| 6:38 | Encolar | Villager (Male) |
| 6:38 | Encolar | Villager (Male) |
| 6:53 | Encolar | Villager (Male) |
| 7:12 | Encolar | Villager (Male) |
| 7:31 | Encolar | Villager (Male) |
| 7:51 | Construir | Lumber Camp |
| 8:00 | Encolar | Villager (Male) |
| 8:10 | Encolar | Villager (Male) |
| 8:34 | Encolar | Villager (Male) |
| 9:27 | Encolar | Villager (Male) |
| 10:06 | Encolar | Villager (Male) |
| 10:31 | Encolar | Villager (Male) |
| 10:56 | Construir | House |
Build order — andreamancassola12
62 acciones detectadas en el replay
| 0:00 | Encolar | Villager (Male) |
| 0:00 | Encolar | Villager (Male) |
| 0:01 | Encolar | Villager (Male) |
| 0:02 | Construir | House |
| 0:03 | Construir | House |
| 0:07 | Encolar | Villager (Male) |
| 0:08 | Encolar | Villager (Male) |
| 0:08 | Encolar | Villager (Male) |
| 1:24 | Encolar | Villager (Male) |
| 2:01 | Encolar | Villager (Male) |
| 2:01 | Encolar | Villager (Male) |
| 2:03 | Construir | Lumber Camp |
| 2:43 | Encolar | Villager (Male) |
| 3:14 | Encolar | Villager (Male) |
| 3:14 | Encolar | Villager (Male) |
| 3:19 | Construir | House |
| 3:41 | Encolar | Villager (Male) |
| 3:42 | Encolar | Villager (Male) |
| 4:40 | Encolar | Villager (Male) |
| 4:53 | Investigar | Loom |
| 5:46 | Construir | Town Center |
| 5:55 | Construir | House |
| 6:26 | Construir | Mill |
| 6:43 | Encolar | Villager (Male) |
| 6:44 | Encolar | Villager (Male) |
| 6:44 | Encolar | Villager (Male) |
| 7:22 | Encolar | Villager (Male) |
| 7:34 | Construir | House |
| 8:21 | Encolar | Villager (Male) |
| 8:36 | Construir | House |
| 8:38 | Construir | Palisade Wall |
| 8:54 | Encolar | Villager (Male) |
| 8:58 | Construir | Palisade Wall |
| 9:11 | Construir | Palisade Wall |
| 9:24 | Encolar | Villager (Male) |
| 9:25 | Encolar | Villager (Male) |
| 9:41 | Construir | Palisade Wall |
| 9:42 | Construir | Palisade Wall |
| 9:43 | Construir | Palisade Wall |
| 9:43 | Construir | Palisade Wall |
| 9:44 | Construir | Palisade Wall |
| 9:45 | Construir | Palisade Wall |
| 9:45 | Construir | Palisade Wall |
| 9:47 | Construir | Palisade Wall |
| 9:49 | Construir | Palisade Wall |
| 9:50 | Construir | Palisade Wall |
| 9:58 | Encolar | Villager (Male) |
| 9:58 | Encolar | Villager (Male) |
| 10:06 | Construir | Palisade Wall |
| 10:14 | Construir | Palisade Wall |
| 10:25 | Encolar | Villager (Male) |
| 10:31 | Construir | Palisade Wall |
| 10:41 | Construir | Palisade Wall |
| 10:46 | Construir | Palisade Wall |
| 10:47 | Construir | Palisade Wall |
| 10:47 | Construir | Palisade Wall |
| 10:58 | Encolar | Villager (Male) |
| 11:03 | Construir | Palisade Wall |
| 11:04 | Construir | Palisade Wall |
| 11:05 | Construir | Palisade Wall |
| 11:06 | Construir | Palisade Wall |
| 11:09 | Construir | Palisade Wall |
Cronología de la partida
| 8:38 | andreamancassola12 · wall_segment Palisade Wall x3 |
| 8:58 | andreamancassola12 · wall_segment Palisade Wall x6 |
| 9:11 | andreamancassola12 · wall_segment Palisade Wall x4 |
| 9:41 | andreamancassola12 · wall_segment Palisade Wall x3 |
| 9:42 | andreamancassola12 · wall_segment Palisade Wall x1 |
| 9:43 | andreamancassola12 · wall_segment Palisade Wall x1 |
| 9:43 | andreamancassola12 · wall_segment Palisade Wall x1 |
| 9:44 | andreamancassola12 · wall_segment Palisade Wall x1 |
| 9:45 | andreamancassola12 · wall_segment Palisade Wall x1 |
| 9:45 | andreamancassola12 · wall_segment Palisade Wall x1 |
| 9:47 | andreamancassola12 · wall_segment Palisade Wall x1 |
| 9:49 | andreamancassola12 · wall_segment Palisade Wall x1 |
| 9:50 | andreamancassola12 · wall_segment Palisade Wall x1 |
| 10:06 | andreamancassola12 · wall_segment Palisade Wall x3 |
| 10:14 | andreamancassola12 · wall_segment Palisade Wall x1 |
| 10:31 | andreamancassola12 · wall_segment Palisade Wall x1 |
| 10:41 | andreamancassola12 · wall_segment Palisade Wall x1 |
| 10:46 | andreamancassola12 · wall_segment Palisade Wall x1 |
| 10:47 | andreamancassola12 · wall_segment Palisade Wall x1 |
| 10:47 | andreamancassola12 · wall_segment Palisade Wall x1 |
| 11:03 | andreamancassola12 · wall_segment Palisade Wall x1 |
| 11:04 | andreamancassola12 · wall_segment Palisade Wall x1 |
| 11:05 | andreamancassola12 · wall_segment Palisade Wall x1 |
| 11:06 | andreamancassola12 · wall_segment Palisade Wall x1 |
| 11:09 | andreamancassola12 · wall_segment Palisade Wall x3 |
| 11:11 | Eren · resign |
[ ANÁLISIS IA · 1 CRÉDITO ]
¿Qué pasó realmente en esta partida?
Wolo.gg analiza cada decisión: build order, eco, micro, errores típicos por bracket. Análisis personalizado por WhatsApp o Discord en 30 segundos.
Guía civ
Jemeres
Perfil
Eren